 Dungeon Crawl Stone Soup version 0.18.1-48-g4cf74bf (webtiles) character file.

424 Orbaz the Chopper (level 6, -1/47 HPs)
             Began as a Demonspawn Gladiator on Aug 17, 2016.
             Slain by a gnoll (4 damage)
             ... on level 3 of the Dungeon.
             The game lasted 00:21:46 (4093 turns).

Orbaz the Chopper (Demonspawn Gladiator)            Turns: 4093, Time: 00:21:47

Health: -1/47      AC:  6    Str: 18    XL:     6   Next: 64%
Magic:  6/6        EV:  7    Int:  9    God:
Gold:   132        SH: 12    Dex: 13    Spells: 0 memorised, 5 levels left

rFire  . . .     SeeInvis .     a - +0 war axe
rCold  . . .     Gourm    .     e - +1 ring mail {MR+}
rNeg   . . .     Faith    .     l - +0 large shield
rPois  .         Spirit   .     (helmet restricted)
rElec  .         Dismiss  .     (no cloak)
rCorr  .         Reflect  .     (no gloves)
SustAt .         Harm     .     (no boots)
MR     +....                    (no amulet)
Stlth  ++........               (no ring)
                                n - ring of stealth

@: lethally poisoned (-1 -> -4), somewhat resistant to hostile enchantments,
unstealthy
A: antennae 2, powered by death 1
a: no special abilities


You were on level 3 of the Dungeon.
You were not hungry.

You visited 1 branch of the dungeon, and saw 4 of its levels.

You collected 132 gold pieces.

Inventory:

Hand Weapons
 a - a +0 war axe (weapon)
Armour
 b - a +0 leather armour
 c - a +0 helmet
 e - a +1 ring mail of magic resistance (worn)
 g - a +0 helmet
 l - a +0 large shield (worn)
 t - a +0 scale mail
Jewellery
 d - a cursed amulet of inaccuracy {unknown}
 n - a ring of stealth (left hand)
Wands
 p - a wand of iceblast (8/15)
 u - a wand of polymorph (17/24)
Scrolls
 i - 4 scrolls of identify
 j - 2 scrolls of fog {unknown}
 o - a scroll of recharging
 q - a scroll of remove curse {unknown}
 v - a scroll of enchant weapon {unknown}
Comestibles
 f - 2 bread rations
 m - 8 meat rations


   Skills:
 - Level 3.1 Fighting
 - Level 5.1 Axes
 - Level 1.7 Throwing
 + Level 2.6 Armour
 - Level 3.1 Dodging
 + Level 1.6 Shields


You had 5 spell levels left.
You didn't know any spells.

Dungeon Overview and Level Annotations

Branches:
Dungeon (4/15)
 Temple: D:4-7

Altars:
Cheibriados
Gozag
Yredelemnul

Annotations:
D:4 Pikel


Innate Abilities, Weirdness & Mutations

You have a pair of antennae on your head.
You regenerate a little health from kills.


Message History

You feel sick.
Your surroundings suddenly seem different.
A gnoll comes into view. It is wielding a halberd.
The gnoll shouts!
A gnoll comes into view. It is wielding a spear.
The gnoll shouts!
You block the gnoll's attack. The gnoll hits you with a spear.
* * * LOW HITPOINT WARNING * * *
The gnoll hits you with a whip.
* * * LOW HITPOINT WARNING * * *
The gnoll closely misses you.
Found 17 sling bullets.
A quokka and 2 gnolls come into view.
Read which item? (? for menu, Esc to quit)
As you read the scroll labeled ZUMEUG TAGH, it crumbles to dust.
It is a scroll of recharging.
Charge which item? (? for menu, Esc to quit)
Your wand of polymorph {zapped: 3} glows for a moment.
The gnoll hits you.
You die...

##########
#......(.#
#........#
#..gr....#
#g.@g....#
#...g....#
######
#........#
##.....##
#........#
##.......##
#........#
#.........#
#........#
#.........#
#........#
#.........#
########..
##.........#


You could see 4 gnolls and a quokka.

Vanquished Creatures
  A slave (D:4)
  3 orc wizards
  An orc priest (D:3)
  An iguana (D:4)
  Jessica (D:3)
  2 worker ants (D:4)
  3 gnolls (D:4)
  7 adders
  2 oozes
  3 worms
  5 dart slugs
  A giant gecko (D:1)
  8 orcs
  4 giant cockroaches
  12 goblins
  13 hobgoblins
  6 jackals (D:2)
  A ball python (D:1)
  7 bats
  A giant gecko skeleton (D:4)
  4 giant newts
  6 kobolds
  5 rats
97 creatures vanquished.

Notes
Turn   | Place    | Note
--------------------------------------------------------------
     0 | D:1      | Orbaz the Demonspawn Gladiator began the quest for the Orb.
     0 | D:1      | Reached XP level 1. HP: 16/16 MP: 1/1
   173 | D:1      | Reached skill level 3 in Axes
   176 | D:1      | Gained mutation: You regenerate a little health from kills. [demonic ancestry]
   176 | D:1      | Reached XP level 2. HP: 22/22 MP: 2/2
   595 | D:2      | Reached XP level 3. HP: 24/27 MP: 3/3
  1279 | D:2      | Reached XP level 4. HP: 29/34 MP: 4/4
  1297 | D:2      | Found a basalt altar of Yredelemnul.
  1309 | D:2      | Reached skill level 4 in Axes
  1726 | D:2      | Found a snail-covered altar of Cheibriados.
  1962 | D:3      | Noticed Jessica
  1978 | D:3      | Killed Jessica
  2094 | D:3      | Gained mutation: You have a pair of small antennae on your head. [demonic ancestry]
  2094 | D:3      | Reached XP level 5. HP: 39/40 MP: 5/5
  2280 | D:3      | Reached skill level 5 in Axes
  2652 | D:4      | HP: 2/41 [iguana (9)]
  3019 | D:4      | Noticed a slave
  3021 | D:4      | Noticed Pikel
  3035 | D:4      | Noticed a slave
  3047 | D:4      | Reached skill level 1 in Armour
  3065 | D:4      | Noticed a slave
  3091 | D:4      | Killed a slave
  3092 | D:4      | Noticed a slave
  3611 | D:4      | Found an opulent altar of Gozag.
  3649 | D:4      | Gained mutation: You have a pair of antennae on your head. [demonic ancestry]
  3649 | D:4      | Reached XP level 6. HP: 47/47 MP: 6/6
  3786 | D:4      | Reached skill level 1 in Shields
  4092 | D:3      | HP: 2/47 [gnoll/whip (1)]
  4093 | D:3      | Slain by a gnoll

Skill      XL: |  1  2  3  4  5  6 |
---------------+-------------------+-----
Axes           | 3 4 5 |  5.1
Dodging        | 3 |  3.1
Fighting       | 3 |  3.1
Armour         | 1 2 |  2.6
Shields        | 1 |  1.6
Throwing       | |  1.7

Action                   |  1- 3 |  4- 6 || total
-------------------------+-------+-------++-------
Melee: War axe           |   108 |   295 ||   403
Throw: Throwing net      |       |     3 ||     3
Evoke: Wand              |       |     1 ||     1
  Use: Scroll            |     1 |     5 ||     6
       Potion            |     1 |     4 ||     5
 Stab: Sleeping          |     5 |       ||     5
  Eat: Chunk             |       |     8 ||     8
       Beef jerky        |       |     2 ||     2
Armor: Leather armour    |    32 |    48 ||    80
       Skin              |     6 |     4 ||    10
       Scale mail        |       |    16 ||    16
       Ring mail         |       |    45 ||    45
Dodge: Dodged            |    58 |    82 ||   140
Block: Large shield      |    35 |   176 ||   211
